 Dungeon Crawl Stone Soup version 0.25.0-46-gbd7b0854d2 (webtiles) character file.

Game seed: 7718604172393420180

2415 Delamore the Basher (level 9, -5/52 HPs)
             Began as a Gargoyle Fighter on July 13, 2020.
             Was a Believer of Qazlal.
             Slain by an orc warrior
             ... wielding a +0 halberd
              (13 damage)
             ... in a bailey.
             The game lasted 00:08:51 (5382 turns).

Delamore the Basher (Gargoyle Fighter)              Turns: 5382, Time: 00:08:52

Health: -5/52      AC: 25    Str: 22    XL:     9   Next: 47%
Magic:  9/9        EV:  5    Int: 10    God:    Qazlal [**....]
Gold:   425        SH: 12    Dex:  9    Spells: 8/8 levels left

rFire    . . .     SeeInvis .   M - +8 mace of Discretion {vorpal, MR++}
rCold    . . .     Gourm    .   c - +0 kite shield
rNeg     + . .     Faith    .   p - +0 chain mail
rPois    ∞         Spirit   .   r - +0 helmet
rElec    +         Reflect  .   (no cloak)
rCorr    .         Harm     .   (no gloves)
MR       +++..                  k - +0 pair of boots
Stlth    ..........             g - amulet of regeneration
HPRegen  0.57/turn              K - ring of protection from magic
MPRegen  0.11/turn              F - ring of Robustness {AC+8}

@: mighty
A: negative energy resistance 1, electricity resistance, unbreathing,
petrification resistance, rot immunity, AC +6
a: Upheaval, Renounce Religion


You were in a bailey.
You worshipped Qazlal.
Qazlal was pleased with you.
You were hungry.

You visited 2 branches of the dungeon, and saw 8 of its levels.
You also visited: Ossuary and Bailey.

You collected 536 gold pieces.
You spent 111 gold pieces at shops.

Inventory:

Hand Weapons
 a - a +0 flail
 M - the +8 mace of Discretion (weapon) {vorpal, MR++}
   (You found it on level 7 of the Dungeon)

   It inflicts extra damage upon your enemies.
   It affects your resistance to hostile enchantments.
 N - a +0 mace of protection
Missiles
 q - 8 poisoned darts (quivered)
Armour
 b - a +0 scale mail
 c - a +0 kite shield (worn)
 k - a +0 pair of boots (worn)
 p - a +0 chain mail (worn)
 r - a +0 helmet (worn)
 J - a +2 cloak of magic resistance
 O - a +0 buckler
Jewellery
 g - an amulet of regeneration (around neck)
 h - a +4 ring of evasion
 v - an uncursed amulet of magic regeneration
 F - the ring of Robustness (right hand) {AC+8}
   (You found it on level 5 of the Dungeon)

   [ring of protection]

   It affects your AC (+8).
 K - a ring of protection from magic (left hand)
Wands
 l - a wand of paralysis (8)
 w - a wand of random effects (13)
 x - a wand of flame (5)
Scrolls
 i - 2 scrolls of random uselessness
 m - a scroll of amnesia
 o - 3 scrolls of enchant weapon
 s - a scroll of fear
 t - 3 scrolls of teleportation
 y - 3 scrolls of remove curse
 z - a scroll of enchant armour
 C - a scroll of vulnerability
 G - a scroll of fog
 I - a scroll of noise
Potions
 d - a potion of might
 e - a potion of flight {unknown}
 j - 2 potions of stabbing
 n - 3 potions of cancellation {unknown}
 u - 2 potions of haste {unknown}
 A - 2 potions of mutation {unknown}
 B - 3 potions of curing {unknown}
 E - a potion of degeneration
 H - a potion of invisibility {unknown}
Comestibles
 f - 13 rations
 L - 4 chunks of flesh


   Skills:
 + Level 4.2 Fighting
 - Level 12.0 Maces & Flails
 - Level 3.2 Armour
 + Level 3.8 Shields


You had 8 spell levels left.
You didn't know any spells.
Your spell library was empty.

Dungeon Overview and Level Annotations

Branches:
Dungeon (7/15)             Temple (1/1) D:5         Ossuary (visited)
 Bailey (1/1)

Altars:
Cheibriados
Elyvilon
Fedhas
Hepliaklqana
Kikubaaqudgha
Makhleb
Nemelex Xobeh
Qazlal
Ru
Sif Muna
Trog
Uskayaw
Vehumet
Wu Jian
Xom
Yredelemnul
Zin
The Shining One

Shops:
D:4 (   D:5 :*:[**


Innate Abilities, Weirdness & Mutations

You are resistant to torment.
Your stone body is resilient. (AC +6)
You are immune to poison.
You resist negative energy. (rN+)
You are resistant to electric shocks. (rElec)
You can survive without breathing.
You are immune to petrification.
You are immune to rotting.


Message History

You closely miss the orc knight.
The orc knight is severely wounded.
Your shield and chain mail prevent you from hitting the orc knight.
The orc knight is severely wounded.
The orc knight roars a battlecry!
The orc warrior hits you but does no damage.
You barely miss the orc knight.
The orc knight is severely wounded.
You block the orc knight's attack.
The orc warrior hits you but does no damage.
Your shield and chain mail prevent you from hitting the orc knight.
The orc knight is severely wounded.
The orc warrior unwields a +0 arbalest.
The orc warrior hits you.
* * * LOW HITPOINT WARNING * * *
You block the orc knight's attack.
You sock the orc knight!
The orc knight is almost dead.
The orc knight no longer looks unusually strong.
The orc warrior hits you from afar with a +0 halberd!
You die...

### ##∩## #### .
#((@# .....
≈≈..#.oo#..≈≈≈.
≈o≈≈...o(..≈≈o≈≈
.oo≈.......≈oo.≈
≈.≈≈.......≈≈o≈≈
≈≈≈..#...#..≈≈≈.
....##...##.....
#### ##∩## #####
###


You could see 2 orc knights and 3 orc warriors.

Vanquished Creatures
  2 water moccasins
  2 ice beasts
  2 orc warriors
  3 sky beasts
  A phantom (D:4)
  An ogre (D:4)
  2 centaurs (D:5)
  3 bullfrogs
  An elf zombie (Ossuary)
  2 scorpions
  A water moccasin skeleton (D:6)
  A bullfrog zombie (D:5)
  A centaur zombie (Ossuary)
  An orc priest (D:4)
  A hound (D:5)
  2 jellies
  Crazy Yiuf (D:7)
  2 centaur skeletons
  4 orc wizards
  Natasha (thrice) (D:2)
  An iguana (D:7)
  2 worker ants (D:4)
  5 big kobold zombies (Ossuary)
  2 mummies (Ossuary)
  4 adders
  A gnoll (D:1)
  2 oozes
  3 adder skeletons
  3 worms
  2 dart slugs (D:1)
  6 leopard geckos
  20 orcs
  2 ball pythons (D:3)
  5 bats
  9 giant cockroaches
  3 gnoll zombies (Ossuary)
  3 goblins
  7 hobgoblins
  14 jackals
  4 quokkas
  6 frilled lizards
  2 goblin zombies (Ossuary)
  2 hobgoblin zombies (Ossuary)
  4 kobolds
  8 rats
156 creatures vanquished.

Vanquished Creatures (others)
  A quokka (D:5)
1 creature vanquished.

Grand Total: 157 creatures vanquished

Notes
Turn   | Place    | Note
-------+----------+-------------------------------------------
     0 | D:1      | Delamore the Gargoyle Fighter began the quest for the Orb.
     0 | D:1      | Reached XP level 1. HP: 14/14 MP: 1/1
    70 | D:1      | Reached XP level 2. HP: 19/20 MP: 2/2
   207 | D:1      | Reached skill level 3 in Maces & Flails
   207 | D:1      | Reached XP level 3. HP: 24/24 MP: 3/3
   983 | D:2      | Reached XP level 4. HP: 29/29 MP: 4/4
  1065 | D:2      | Reached skill level 4 in Maces & Flails
  1124 | D:2      | Noticed Natasha
  1137 | D:2      | Killed Natasha
  1437 | D:2      | Noticed Natasha
  1442 | D:2      | Killed Natasha
  1442 | D:2      | Reached XP level 5. HP: 33/33 MP: 5/5
  1480 | D:2      | Noticed Natasha
  1493 | D:2      | Killed Natasha
  1493 | D:2      | Reached skill level 5 in Maces & Flails
  1682 | D:3      | Found a hazy altar of Hepliaklqana.
  2368 | D:4      | Reached XP level 6. HP: 34/38 MP: 6/6
  2432 | D:5      | Entered Level 5 of the Dungeon
  2432 | D:5      | Found a staircase to the Ecumenical Temple.
  2442 | D:5      | Found Riutil's Antique Armour Emporium.
  2443 | D:5      | Noticed a sky beast
  2450 | Temple   | Entered the Ecumenical Temple
  2480 | Temple   | Reached skill level 6 in Maces & Flails
  2526 | Temple   | Became a worshipper of Qazlal Stormbringer
  2541 | D:5      | Killed a sky beast
  2604 | D:5      | Reached skill level 7 in Maces & Flails
  2604 | D:5      | Reached XP level 7. HP: 41/42 MP: 7/7
  2717 | D:5      | Found Osiu's General Store.
  2725 | D:5      | Bought a potion of heal wounds for 70 gold pieces
  2725 | D:5      | Bought a potion of degeneration for 14 gold pieces
  2770 | D:5      | Found the ring of Robustness {AC+8}
  2889 | D:5      | Found a blossoming altar of Fedhas.
  2988 | D:5      | Found Uschyregg's Assorted Antiques.
  2997 | D:5      | Bought a scroll labeled ATIUHIUMITS for 27 gold pieces
  3077 | D:5      | Reached skill level 8 in Maces & Flails
  3115 | D:5      | Found Kurutas's Book Shoppe.
  3443 | D:5      | Found Elafudiawk's Book Boutique.
  3595 | D:5      | Found Vuwat's Serpentskin Sales.
  3618 | D:5      | Reached XP level 8. HP: 45/48 MP: 8/8
  3847 | D:6      | Reached skill level 9 in Maces & Flails
  3889 | D:6      | Found a snail-covered altar of Cheibriados.
  4037 | D:6      | Found a sand-covered staircase.
  4047 | Ossuary  | Entered an ossuary
  4139 | Ossuary  | Reached skill level 10 in Maces & Flails
  4162 | Ossuary  | Reached * piety under Qazlal
  4761 | D:4      | Found Optan's Antique Weapon Shoppe.
  4844 | D:4      | Reached skill level 11 in Maces & Flails
  4844 | D:4      | Reached XP level 9. HP: 52/52 MP: 9/9
  4901 | D:4      | Found a shimmering altar of Xom.
  5229 | D:7      | Found a runed translucent door.
  5230 | D:7      | Noticed Crazy Yiuf
  5243 | D:7      | Killed Crazy Yiuf
  5251 | D:7      | Got a polished mace
  5262 | D:7      | Identified the +8 mace of Discretion {vorpal, MR++} (You
                  | found it on level 7 of the Dungeon)
  5288 | D:7      | Found a flagged portal.
  5315 | D:7      | Reached skill level 12 in Maces & Flails
  5320 | D:7      | Reached ** piety under Qazlal
  5350 | Bailey   | Entered a bailey
  5350 | Bailey   | Noticed an orc knight
  5350 | Bailey   | Noticed an orc knight
  5354 | Bailey   | Noticed an orc knight
  5361 | Bailey   | Noticed an orc knight
  5382 | Bailey   | Slain by an orc warrior

Illustrated notes

Levels and vault maps discovered:
D:1:      minmay_arrival_pointy, layout_basic, minmay_misc_feat_columns,
          chequers_serial_rivers_micro_b, chequers_jeans
D:2:      layout_rooms, uniq_natasha
D:3:      layout_basic, nicolae_overflow_crystal_walls
D:4:      layout_rooms, lemuel_crystal_altar, serial_shops, shop_fountains,
          feat_on_display
D:5:      layout_layer_cave, fedhas_altar_3, minmay_temple_entry_stoned_glass,
          first_ration, serial_shops, shop_fountains, nicolae_shop_stone,
          nicolae_shop_competitors_out_of_business, shop, shop_statue,
          guppyfry_shop_venom
D:6:      layout_basic, basic_altar, lightli_ossuary_entry_decrepit_ruins,
          minmay_misc_feat_nine_boxes
D:7:      layout_loops_cross, okawaru_trees_1, enter_bailey_6, uniq_maggie,
          uniq_crazy_yiuf_cottage, uniq_pikel
Temple:   minmay_freezing_vapour_temple
Bailey:   bailey_polearm_4, bailey

Skill      XL: |  1  2  3  4  5  6  7  8  9 |
---------------+----------------------------+-----
Maces & Flails | 3 4 5 7 8 11 12 | 12.0
Fighting       | 4 |  4.2
Armour         | |  3.2
Shields        | |  3.8

Action                   |  1- 3 |  4- 6 |  7- 9 || total
-------------------------+-------+-------+-------++-------
Melee: Flail             |   159 |   238 |   382 ||   779
       Mace              |       |       |    48 ||    48
Throw: Dart              |       |     5 |     4 ||     9
Evoke: Wand              |       |       |    11 ||    11
  Use: Scroll            |       |       |    13 ||    13
       Potion            |       |       |     2 ||     2
  Eat: Chunk             |     1 |     5 |     6 ||    12
       Ration            |       |       |     1 ||     1
Armor: Scale mail        |    50 |       |       ||    50
       Chain mail        |    52 |   169 |   311 ||   532
Dodge: Dodged            |    93 |   109 |   174 ||   376
Block: Kite shield       |   121 |   166 |   285 ||   572
